 Dungeon Crawl Stone Soup version 0.24.0-123-gd5b16e6ec5 (webtiles) character file.

Game seed: 9007391324312470563, levelgen mode: deterministic

115 Bergy the Caller (level 5, -4/35 HPs)
             Began as a Merfolk Summoner on Dec 29, 2019.
             Killed from afar by an orc wizard (8 damage)
             ... with a magic dart
             ... on level 4 of the Dungeon.
             The game lasted 00:12:38 (1754 turns).

Bergy the Caller (Merfolk Summoner)                 Turns: 1754, Time: 00:12:39

Health: -4/35      AC:  2    Str:  9    XL:     5   Next: 0%
Magic:  5/8        EV: 13    Int: 15    God:
Gold:   47         SH:  0    Dex: 14    Spells: 8/9 levels left

rFire    . . .     SeeInvis .   d - +0 dagger (flame)
rCold    . . .     Gourm    .   (no shield)
rNeg     . . .     Faith    .   a - +0 robe
rPois    .         Spirit   .   (no helmet)
rElec    .         Reflect  .   (no cloak)
rCorr    .         Harm     .   (no gloves)
MR       .....                  (no boots)
Stlth    ++........             (no amulet)
HPRegen  0.11/turn              (no ring)
MPRegen  0.11/turn              (no ring)

@: no status effects
A: change form in water, swift swim, stealthy swim
a: no special abilities


You were on level 4 of the Dungeon.
You were hungry.

You visited 1 branch of the dungeon, and saw 3 of its levels.

You collected 47 gold pieces.

Inventory:

Hand Weapons
 d - a +0 dagger of flaming (weapon)
Armour
 a - a +0 robe (worn)
Jewellery
 i - an uncursed amulet of faith {unknown}
Scrolls
 f - a scroll of noise {unknown}
 h - 2 scrolls of random uselessness {unknown}
 k - 3 scrolls of identify {unknown}
Potions
 b - a potion of agility {unknown}
 e - a potion of brilliance {unknown}
 g - 2 potions of resistance
 j - a potion of invisibility {unknown}
Comestibles
 c - 4 rations


   Skills:
 + Level 1.3 Short Blades
 - Level 3.0 Dodging
 + Level 2.7 Stealth
 + Level 2.6 Spellcasting
 * Level 5.3 Summonings


You had 8 spell levels left.
You knew the following spells:

 Your Spells              Type           Power        Failure   Level  Hunger
a - Summon Small Mammal   Summ           ###.         2%          1    #......

Your spell library contained the following spells:

 Spells                   Type           Power        Failure   Level  Hunger
 Call Imp                 Summ           ###.....     3%          2    ###....
 Call Canine Familiar     Summ           ###.....     7%          3    ###....
 Summon Guardian Golem    Hex/Summ       #.......     22%         3    ###....
 Summon Ice Beast         Ice/Summ       #.......     56%         4    #####..
 Summon Lightning Spire   Summ/Air       #.......     56%         4    #####..


Dungeon Overview and Level Annotations

Branches:
Dungeon (2/15)

Altars:


Message History

The orc priest calls upon Beogh to heal the orc wizard.
The orc wizard is healed somewhat.
The orc wizard hits you with a +0 dagger.
* * * LOW HITPOINT WARNING * * *
Your quokka barely misses the orc wizard.
The orc priest miscasts a cantrip.
The orc wizard misses you.
Your quokka barely misses the orc.
The orc wizard mumbles some strange words.
The orc wizard seems to speed up.
You see here 17 sling bullets.
The orc wizard hits you but does no damage.
The orc wizard points at you and mumbles some strange words.
You resist with some effort. The orc priest hits your quokka.
The orc barely misses your quokka.
The orc wizard hits you with a +0 dagger.
* * * LOW HITPOINT WARNING * * *
The orc wizard gestures at you while chanting.
The magic dart hits you!
You die...

#.#.###.#. ##.#
#.......[. #.#
#.)o...... #.#
#?o#...# #.#
####.r....# ##.#
.###...oo###.#
##... ........o#
#..#.
###....oo###>####
##...
#.....(@.......
###.#
#..[...###.####
#.... #.###.## ###
#.... #..(..# ...
##... #####.## #.#
##.# ##.###.# ...#
##†..# ######
##.##########...##
#................


You could see an orc priest, 3 orc wizards, 3 orcs and a friendly quokka.

Vanquished Creatures
  A scorpion (D:4)
  A bullfrog skeleton (D:4)
  A worker ant (D:4)
  A leopard gecko (D:2)
  An orc (D:4)
  2 giant cockroaches (D:1)
  3 goblins (D:1)
  A hobgoblin (D:1)
  3 bats (D:2)
  3 frilled lizards
  2 rats
19 creatures vanquished.

Vanquished Creatures (collateral kills)
  3 dart slugs (D:1)
  A leopard gecko (D:1)
  2 ball pythons
  2 bats
  3 giant cockroaches (D:1)
  2 goblins
  2 hobgoblins
  A frilled lizard (D:4)
  3 kobolds
  4 rats
23 creatures vanquished.

Grand Total: 42 creatures vanquished

Notes
Turn   | Place    | Note
-------+----------+-------------------------------------------
     0 | D:1      | Bergy the Merfolk Summoner began the quest for the Orb.
     0 | D:1      | Reached XP level 1. HP: 13/13 MP: 3/3
   147 | D:1      | Reached XP level 2. HP: 10/19 MP: 0/5
  1089 | D:2      | Reached XP level 3. HP: 24/24 MP: 3/6
  1313 | D:2      | You fall into a shaft and drop 2 floors!
  1426 | D:4      | Reached skill level 1 in Short Blades
  1426 | D:4      | Reached skill level 5 in Summonings
  1426 | D:4      | Reached XP level 4. HP: 23/30 MP: 7/7
  1743 | D:4      | Reached XP level 5. HP: 35/35 MP: 5/8
  1754 | D:4      | Killed from afar by an orc wizard

Levels and vault maps discovered:
D:1:      dpeg_arrival_fog, layout_rooms, minmay_tiny_reverse_x
D:2:      layout_loops_ring, grunt_ministairs_5
D:4:      layout_loops_ring, temple_fountains, minmay_misc_feat_tower,
          fedhas_altar_1

Skill      XL: |  1  2  3 |
---------------+----------+-----
Dodging        | 3 |  3.0
Short Blades   | 1 |  1.3
Summonings     | 5 |  5.3
Stealth        | |  2.7
Spellcasting   | |  2.6

Action                   |  1- 3 |  4- 6 || total
-------------------------+-------+-------++-------
Melee: Unarmed           |    19 |       ||    19
       Dagger            |    60 |    15 ||    75
 Cast: Summon Small Mamm |    54 |    10 ||    64
 Stab: Sleeping          |     4 |       ||     4
       Distracted        |     3 |       ||     3
  Eat: Chunk             |     3 |       ||     3
Armor: Robe              |    13 |     2 ||    15
Dodge: Dodged            |    71 |    13 ||    84
